 Dungeon Crawl Stone Soup version 0.27-a0-223-ge082b6e869 (webtiles) character file.

Game seed: 14586169361572450763

727 HoaS the Twirler (level 8, -9/58 HPs)
             Began as a Formicid Fighter on Feb 1, 2021.
             Was a Follower of Okawaru.
             Mangled by a troll (16 damage)
             ... on level 5 of the Dungeon.
             The game lasted 00:06:31 (3081 turns).

HoaS the Twirler (Formicid Fighter)                 Turns: 3081, Time: 00:06:32

Health: -9/58      AC:  6    Str: 23    XL:     8   Next: 3%
Magic:  9/9        EV:  9    Int:  7    God:    Okawaru [*.....]
Gold:   209        SH: 10    Dex: 11    Spells: 7/7 levels left

rFire    . . .     SeeInvis +   a - +1 quarterstaff
rCold    . . .     Faith    .   c - +0 kite shield
rNeg     . . .     Spirit   .   b - +0 scale mail
rPois    .         Reflect  .   (helmet unavailable)
rElec    .         Harm     .   (no cloak)
rCorr    .         Rampage  .   (no gloves)
Will     .....                  (no boots)
Stlth    ..........             i - amulet of regeneration
HPRegen  0.59/turn              (no ring)
MPRegen  0.11/turn              (no ring)

@: no status effects
A: permanent stasis, dig shafts and tunnels, four strong arms, antennae 3
a: Dig, Shaft Self, Renounce Religion, Heroism


You were on level 5 of the Dungeon.
You worshipped Okawaru.
Okawaru was aware of your devotion.
You visited 2 branches of the dungeon, and saw 6 of its levels.

You collected 209 gold pieces.

Inventory:

Hand Weapons
 a - a +1 quarterstaff (weapon)
Missiles
 k - 81 bolts
Armour
 b - a +0 scale mail (worn)
 c - a +0 kite shield (worn)
Jewellery
 i - an amulet of regeneration (around neck)
 m - an uncursed ring of protection from fire {unknown}
Wands
 r - a wand of mindburst (8)
 t - a wand of random effects (10)
Scrolls
 d - a scroll of fear
 l - a scroll of remove curse
 n - a scroll of identify
 v - a scroll of enchant armour {unknown}
Potions
 e - a potion of attraction
 f - 2 potions of heal wounds
 g - 3 potions of curing
 h - a potion of lignification {unknown}
 j - a potion of berserk rage {unknown}
 o - a potion of brilliance {unknown}
 p - a potion of cancellation {unknown}
 q - a potion of haste {unknown}
 s - a potion of mutation {unknown}
 u - a potion of flight {unknown}


   Skills:
 - Level 3.2 Fighting
 * Level 6.8 Staves
 - Level 3.2 Armour
 + Level 6.5 Shields
 - Level 2.3 Invocations


You had 7 spell levels left.
You didn't know any spells.
Your spell library was empty.

Dungeon Overview and Level Annotations

Branches:
Dungeon (5/15)             Temple (1/1) D:4

Altars:
Cheibriados
Dithmenos
Elyvilon
Fedhas
Gozag
Hepliaklqana
Okawaru
Sif Muna
Trog
Uskayaw
Wu Jian
Yredelemnul


Innate Abilities, Weirdness & Mutations

You cannot be hasted, slowed, berserked, paralysed or teleported.
You can dig through walls and to a lower floor.
Your four strong arms can wield two-handed weapons with a shield.
You have a pair of large antennae on your head. (SInv)


Message History

The troll bites you! You block the troll's attack. The troll barely misses you.
You hit the troll.
The troll is heavily wounded.
The troll barely misses you. You block the troll's attack.
The troll claws you but does no damage.
You feel much better.
You block the troll's attack. x2; The troll claws you.
You hit the troll.
The troll is heavily wounded.
The troll bites you! You block the troll's attack. The troll claws you.
You sock the troll!
The troll is heavily wounded.
The troll bites you.
* * * LOW HITPOINT WARNING * * *
The troll claws you!
* * * LOW HITPOINT WARNING * * *
The troll completely misses you.
You barely miss the troll.
The troll is heavily wounded.
The troll bites you!
You die...

#..###........##.......##
. .....
######..###........## .
...##. ##..# ##........#
. ...# #.. ##...##
#..####..# ... ##..
###.....##.. ##.. ..
#..#.......#.. ##.
#............# ##
##..........## #
#....@.....# #
#.....T.....# #####
#...###....... .....
..... ##..... ....)
...... .#... ##... ..##..
# .. #### .. .. . ## #.
#.


You could see a troll.

Vanquished Creatures
  Duvessa (D:4)
  An ogre (D:4)
  2 phantoms
  Dowan (D:4)
  A scorpion (D:4)
  A howler monkey (D:5)
  An orc priest (D:5)
  Terence (D:2)
  An iguana (D:4)
  A worker ant (D:4)
  3 gnolls (D:4)
  7 adders
  An ooze (D:4)
  A worm (D:3)
  3 dart slugs
  A leopard gecko (D:2)
  5 orcs
  6 bats
  A giant cockroach (D:2)
  2 hobgoblins
  2 quokkas (D:2)
  4 frilled lizards
  2 goblins
  5 kobolds
  5 rats
59 creatures vanquished.

Notes
Turn   | Place    | Note
-------+----------+-------------------------------------------
     0 | D:1      | HoaS the Formicid Fighter began the quest for the Orb.
     0 | D:1      | Reached XP level 1. HP: 18/18 MP: 1/1
    80 | D:1      | Reached XP level 2. HP: 18/24 MP: 2/2
   715 | D:2      | Reached XP level 3. HP: 27/29 MP: 3/3
   805 | D:2      | Noticed Terence
   824 | D:2      | Killed Terence
   825 | D:2      | Reached XP level 4. HP: 31/35 MP: 4/4
   906 | D:2      | Found an ornate altar of the Wu Jian Council.
   952 | D:2      | Found a snail-covered altar of Cheibriados.
  1486 | D:3      | Reached XP level 5. HP: 41/41 MP: 5/5
  1659 | D:3      | Found a hazy altar of Hepliaklqana.
  1789 | D:4      | Reached skill level 5 in Shields
  1829 | D:4      | Found a staircase to the Ecumenical Temple.
  1829 | D:4      | Noticed a phantom
  1876 | D:4      | Killed a phantom
  1877 | D:4      | Reached skill level 5 in Staves
  1877 | D:4      | Reached XP level 6. HP: 46/47 MP: 6/6
  1893 | D:4      | Noticed an ogre
  1902 | Temple   | Entered the Ecumenical Temple
  2021 | Temple   | Became a worshipper of Warmaster Okawaru
  2041 | D:4      | Killed an ogre
  2225 | D:4      | Reached XP level 7. HP: 52/52 MP: 7/7
  2553 | D:4      | Noticed Duvessa
  2553 | D:4      | Noticed Dowan
  2575 | D:4      | Killed Duvessa
  2575 | D:4      | Reached * piety under Okawaru
  2576 | D:4      | Reached skill level 1 in Invocations
  2597 | D:4      | Killed Dowan
  2775 | D:5      | Entered Level 5 of the Dungeon
  2962 | D:5      | Reached XP level 8. HP: 56/58 MP: 9/9
  3066 | D:5      | Noticed a troll
  3081 | D:5      | Mangled by a troll

Illustrated notes

Levels and vault maps discovered:
D:1:      lightli_arrival_lavapool, layout_basic
D:2:      layout_rooms, pdpol_wu_jian_five_deadly_venoms, cheibriados_altar_1,
          kennysheep_donut, uniq_terence
D:3:      layout_rooms, nzn_hepliaklqana_mist_gate
D:4:      layout_loops_ring, minmay_temple_entry_sparse_star, uniq_duvessa
D:5:      layout_layer_cave
Temple:   nicolae_temple_figure_zero

Skill      XL: |  1  2  3  4  5  6  7 |
---------------+----------------------+-----
Shields        | 4 5 6 |  6.5
Staves         | 3 4 5 6 |  6.8
Invocations    | 2 |  2.3
Fighting       | |  3.2
Armour         | |  3.2

Action                   |  1- 3 |  4- 6 |  7- 9 || total
-------------------------+-------+-------+-------++-------
Melee: Quarterstaff      |    55 |   128 |    76 ||   259
  Use: Scroll            |     2 |     9 |     1 ||    12
       Potion            |       |     1 |     1 ||     2
Armor: Scale mail        |    25 |    43 |     9 ||    77
Dodge: Dodged            |    17 |    43 |    20 ||    80
Block: Kite shield       |    28 |    77 |    38 ||   143

Table legend: (Time is in decaauts)
 A = Elapsed time spent in this place.
 B = Non-inter-level travel time spent in this place.
 C = Inter-level travel time spent in this place.
 D = Time resting spent in this place.
 E = Time spent auto-exploring this place.
 F = Levels seen in this place.
 G = Mean time per level.
                   A        B        C        D        E       F      G
               +--------+--------+--------+--------+--------+-----+--------+
         Total |   3136 |   3001 |    135 |    152 |   2245 |   6 |  522.7 |
       Dungeon |   3004 |   2893 |    111 |    152 |   2138 |   5 |  600.8 |
        Temple |    132 |    108 |     24 |      0 |    107 |   1 |  132.0 |
               +--------+--------+--------+--------+--------+-----+--------+

Top non-repeatable levels by time:
     D:4: 903 daAuts
     D:1: 713 daAuts
     D:2: 623 daAuts
     D:3: 456 daAuts
     D:5: 307 daAuts
  Temple: 132 daAuts
